 Dungeon Crawl Stone Soup version 0.29.1-1-gd02db6906a (webtiles) character file.

Game seed: 3580785300616875502

8883 mortz the Destroyer (level 11, -3/50 HPs)
             Began as a Kobold Conjurer on Oct 10, 2022.
             Was a Follower of Hepliaklqana.
             Hit by a large rock thrown by a cyclops (30 damage)
             ... on level 11 of the Dungeon on Oct 11, 2022.
             The game lasted 01:09:09 (14549 turns).

mortz the Destroyer (Kobold Conjurer)              Turns: 14549, Time: 01:09:10

Health: -3/50      AC: 12    Str:  6    XL:     11   Next: 64%
Magic:  17/41      EV: 14    Int: 31    God:    Hepliaklqana [*.....]
Gold:   414        SH:  5    Dex: 15    Spells: 20/27 levels left

rFire   . . .      SeeInvis .   i - +0 short sword of Suimeoth {freeze, *Noise Will+ Int+8}
rCold   . . .      Faith    .   (no shield)
rNeg    . . .      Spirit   .   L - +0 acid dragon scales
rPois   .          Reflect  +   (no helmet)
rElec   .          Harm     .   g - scarf {repulsion}
rCorr   +          Rampage  .   o - +2 pair of gloves
Will    +....                   v - +1 pair of boots
Stlth   ++++......              w - amulet "Muathrar" {Reflect Dex+2 SH+5}
HPRegen 0.16/turn               J - ring of magical power
MPRegen 0.27/turn               A - ring of magical power

@: repel missiles
A: reduced essence, small, no large weapons, nightstalker 3
a: Renounce Religion, Recall Ancestor, Ancestor Identity


You were on level 11 of the Dungeon.
You worshipped Hepliaklqana.
Hepliaklqana was aware of your devotion.
You visited 2 branches of the dungeon, and saw 12 of its levels.

You collected 634 gold pieces.
You spent 220 gold pieces at shops.

Inventory:

Hand Weapons
 f - a +0 dagger
 i - the +0 short sword of Suimeoth (weapon) {freeze, *Noise Will+ Int+8}
   (You found it on level 2 of the Dungeon)

   It freezes those it strikes, dealing additional cold damage.
   It can also slow down cold-blooded creatures.
   Int:       It affects your intelligence (+8).
   *Noise:    It may make noises in combat.
   Will:      It increases your willpower.
 k - a +1 dagger of draining
 x - a +0 war axe
 y - a +2 dagger of venom
Missiles
 D - 2 throwing nets
Armour
 a - a +0 robe
 g - a scarf of repulsion (worn)
 o - a +2 pair of gloves (worn)
 v - a +1 pair of boots (worn)
 B - a +1 leather armour of cold resistance
 C - a +2 scale mail of cold resistance
 L - +0 acid dragon scales (worn)
Magical Staves
 F - a staff of cold
Jewellery
 n - a ring of protection from cold
 q - a ring of poison resistance
 t - a +4 ring of slaying
 w - the amulet "Muathrar" (around neck) {Reflect Dex+2 SH+5}
   (You found it on level 3 of the Dungeon)

   [amulet of reflection]

   It reflects blocked missile attacks.
   Dex:       It affects your dexterity (+2).
   SH:        It affects your SH (+5).
 A - a ring of magical power (right hand)
 H - a ring of willpower
 J - a ring of magical power (left hand)
 K - a +6 ring of intelligence
 N - a +4 ring of protection
 O - an amulet of guardian spirit
Wands
 c - a wand of charming (3)
 r - a wand of roots (5)
 G - a wand of quicksilver (3)
Scrolls
 j - 3 scrolls of enchant weapon
 p - 2 scrolls of teleportation
 Q - a scroll of silence
Potions
 b - a potion of magic
 d - 3 potions of mutation
 e - 2 potions of curing
 h - a potion of brilliance
 l - 4 potions of lignification
 m - 2 potions of flight
 s - a potion of ambrosia
 u - 4 potions of attraction
 z - 2 potions of invisibility
 E - 3 potions of might
 I - a potion of berserk rage
 M - a potion of haste {unknown}


   Skills:
 - Level 1.3 Fighting
 - Level 2.5 Short Blades
 + Level 5.0 Armour
 - Level 3.0 Dodging
 - Level 4.9 Stealth
 - Level 0.2 Shields
 + Level 8.7 Spellcasting
 * Level 11.2 Conjurations
 * Level 8.2 Translocations


You had 20 spell levels left.
You knew the following spells:

 Your Spells              Type           Power      Damage    Failure   Level
a - Magic Dart            Conj           100%       1d8       1%          1
b - Searing Ray           Conj           100%       2d8       1%          2
c - Iskenderun's Mystic   Conj/Tloc      65%        2d13      1%          4

Your spell library contained the following spells:

 Spells                   Type           Power      Damage    Failure   Level
 Apportation              Tloc           100%       N/A       1%          1
 Dazzling Flash           Conj/Hex       96%        N/A       1%          3
 Necrotise                Necr           52%        1d6       7%          1
 Sting                    Tmut/Pois      52%        1d5       7%          1
 Summon Small Mammal      Summ           52%        N/A       7%          1
 Fulminant Prism          Conj/Hex       24%        3d13      7%          4
 Poisonous Vapours        Pois/Air       26%        N/A       11%         2
 Olgreb's Toxic Radiance  Pois           13%        N/A       56%         4
 Agony                    Necr           13%        N/A       88%         5
 Silence                  Hex/Air        6%         N/A       88%         5
 Malign Gateway           Summ/Tloc      19%        N/A       100%        7
 Summon Horrible Things   Summ           6%         N/A       100%        8


Dungeon Overview and Level Annotations

Branches:
Dungeon (11/15) Zot: 26823  Temple (1/1) D:7 Zot: 5803     Orc (0/2) D:9
   Lair: D:8-11

Altars:
Ashenzari
Cheibriados
Dithmenos
Elyvilon
Fedhas
Gozag
Hepliaklqana
Kikubaaqudgha
Makhleb
Nemelex Xobeh
Okawaru
Qazlal
Ru
Sif Muna
Trog
Uskayaw
Vehumet
Wu Jian
Xom
Yredelemnul
Zin
The Shining One

Shops:
D:2 :=   D:5 :   D:10 (

Annotations:
D:1 exclusion: downstairs
D:3 2 runed translucent doors
D:8 2 transporters


Innate Abilities, Weirdness & Mutations

Your life essence is reduced to manifest your ancestor. (-10% HP)
You are small and have problems with some larger weapons.
You are completely attuned to the shadows.


Message History

You are very lightly contaminated with residual magic.
Nothing appears to happen.
Something closely misses mortz.
Casting: Iskenderun's Mystic Blast (dangerous; 1% risk of failure)
Confirm with . or Enter, or press ? or * to list all spells.
You erupt in a blast of force!
The mystic blast hits the yak.
The yak is almost dead.
The yak is knocked back by the mystic blast.
You hear a shout!
Something hits mortz.
The yak gores mortz!
Casting: Iskenderun's Mystic Blast (dangerous; 1% risk of failure)
Confirm with . or Enter, or press ? or * to list all spells.
You erupt in a blast of force!
The mystic blast hits the yak!
You kill the yak!
Mortz hits the yak.
The yak gores mortz.
You block something's attack.
A cyclops comes into view.
Something hits you but does no damage.
Mortz hits the yak.
The yak gores mortz!
Mortz is destroyed!
Something hits you.
A cyclops comes into view.
Something hits you but does no damage. The yak attacks as you move away!
The yak gores you!
Your magical contamination has completely faded away.
Something hits you.
Casting: Iskenderun's Mystic Blast (dangerous; 1% risk of failure)
Confirm with . or Enter, or press ? or * to list all spells.
You erupt in a blast of force!
The mystic blast hits the yak!!
The yak is severely wounded.
The yak is knocked back by the mystic blast.
The mystic blast hits something!
Casting: Iskenderun's Mystic Blast (dangerous; 1% risk of failure)
Confirm with . or Enter, or press ? or * to list all spells.
You can't see any susceptible monsters within range! (Use Z to cast anyway.) Unknown command.
Casting: Iskenderun's Mystic Blast (dangerous; 1% risk of failure)
Confirm with . or Enter, or press ? or * to list all spells.
You erupt in a blast of force!
The mystic blast hits something!
The cyclops throws a large rock.
The large rock hits you!!
Ouch! That really hurt!
You die...

#.# #.+ #.# .#######.#
.........##########+#
..}...Y..{@............
.###.8C###..............
.......###............
.#.....#. ###..........
C#...#. ###........
###.<.... #......
##..... #.....


You could see a cyclops and a yak.

Vanquished Creatures
  2 two-headed ogres
  An ugly thing (D:7)
  A manticore (D:8)
  Joseph (D:10)
  2 kobold demonologists (D:11)
  2 wyverns
  A wraith (D:10)
  Grum (D:8)
  3 yaks (D:11)
  2 steam dragons
  3 acid dragons
  A water moccasin (D:8)
  A swamp drake (D:9)
  A black bear (D:8)
  A sky beast (D:6)
  7 orc warriors
  4 ice beasts
  3 ogres
  2 centaurs
  4 wolves (D:8)
  2 phantoms
  2 kobold brigands (D:11)
  3 bullfrogs
  A necrophage (D:6)
  4 scorpions
  3 howler monkeys
  12 orc priests
  4 hounds
  A gnoll bouda (D:6)
  3 iguanas
  Natasha (D:2)
  7 orc wizards
  6 gnolls
  9 adders
  2 white imps
  3 worms
  2 dart slugs
  53 orcs
  6 endoplasms
  7 giant cockroaches
  5 goblins
  5 hobgoblins
  2 jackals
  11 kobolds
  4 quokkas
  4 ball pythons
  4 bats
  6 frilled lizards
  6 rats
221 creatures vanquished.

Vanquished Creatures (collateral kills)
  A komodo dragon (D:9)
  A yak (D:11)
  An orc priest (D:9)
  An orc wizard (D:9)
  4 orcs (D:9)
8 creatures vanquished.

Vanquished Creatures (others)
  An ancestor (D:11)
  2 fungi (D:11)
  20 plants
23 creatures vanquished.

Grand Total: 252 creatures vanquished

Notes
Turn   | Place    | Note
-------+----------+-------------------------------------------
     0 | D:1      | mortz the Kobold Conjurer began the quest for the Orb.
     0 | D:1      | Reached XP level 1. HP: 10/10 MP: 3/3
   188 | D:1      | Reached XP level 2. HP: 15/15 MP: 3/5
   195 | D:1      | Learned a level 2 spell: Searing Ray
   396 | D:1      | You fall into a shaft and drop 1 floor!
   543 | D:2      | Identified the +0 short sword of Suimeoth {freeze, *Noise
                  | Will+ Int+8}
   715 | D:1      | Reached XP level 3. HP: 19/19 MP: 6/6
  1431 | D:2      | Found a faded altar of an unknown god.
  1715 | D:2      | Found Nitem's Assorted Antiques.
  1774 | D:2      | Found Boakubas's Book Shoppe.
  1874 | D:2      | Reached XP level 4. HP: 24/24 MP: 7/7
  2132 | D:2      | Noticed Natasha
  2183 | D:2      | Killed Natasha
  2214 | D:2      | Found Sitti's Jewellery Shop.
  2501 | D:3      | Reached skill level 1 in Translocations
  2508 | D:2      | Learned a level 4 spell: Iskenderun's Mystic Blast
  2548 | D:3      | Found a runed translucent door.
  2686 | D:3      | Reached XP level 5. HP: 24/28 MP: 0/9
  2882 | D:3      | Found a shimmering blue altar of Sif Muna.
  2887 | D:3      | Reached skill level 1 in Short Blades
  3149 | D:3      | Found a runed translucent door.
  3150 | D:3      | Noticed a bullfrog
  3152 | D:3      | Identified the amulet "Muathrar" {Reflect Dex+2 SH+5}
  3419 | D:3      | Reached XP level 6. HP: 33/33 MP: 4/10
  3898 | D:4      | Reached skill level 5 in Conjurations
  4414 | D:4      | Noticed an ogre
  4438 | D:4      | Reached skill level 1 in Fighting
  4804 | D:4      | Killed an ogre
  4805 | D:4      | Reached XP level 7. HP: 38/38 MP: 3/11
  5103 | D:2      | Bought a ring of magical power for 220 gold pieces
  5796 | D:5      | Entered Level 5 of the Dungeon
  5946 | D:5      | Found a sacrificial altar of Ru.
  6085 | D:5      | Reached XP level 8. HP: 38/43 MP: 12/14
  6160 | D:5      | Reached skill level 6 in Conjurations
  6217 | D:5      | Found Xoeroluah's Vocational Training.
  6961 | D:6      | Reached skill level 5 in Spellcasting
  6970 | D:6      | Reached skill level 1 in Armour
  6970 | D:6      | Reached skill level 5 in Translocations
  7127 | D:6      | Reached skill level 7 in Conjurations
  7127 | D:6      | Reached XP level 9. HP: 47/47 MP: 16/16
  7561 | D:6      | Found a stormy altar of Qazlal.
  7954 | D:6      | Found an ancient bone altar of Kikubaaqudgha.
  8571 | D:7      | Found a staircase to the Ecumenical Temple.
  8577 | Temple   | Entered the Ecumenical Temple
  8757 | Temple   | Became a worshipper of Hepliaklqana the Forgotten
  9256 | D:7      | Found an opulent altar of Gozag.
  9265 | D:7      | Noticed a purple ugly thing
  9673 | D:8      | Noticed Grum
  9687 | D:8      | Killed Grum
  9688 | D:8      | Reached skill level 8 in Conjurations
  9688 | D:8      | Noticed a manticore
 10158 | D:8      | Reached XP level 10. HP: 39/52 MP: 19/19
 10355 | D:7      | HP: 2/52 [purple ugly thing (13)]
 10359 | D:7      | Killed a purple ugly thing
 10695 | D:8      | Killed a manticore
 10696 | D:8      | Reached skill level 9 in Conjurations
 10809 | D:8      | Found a transporter.
 10866 | D:8      | Found a transporter.
 11018 | D:8      | Found a shimmering altar of Xom.
 11018 | D:8      | Found a shimmering altar of Xom.
 11029 | D:8      | Found a shimmering altar of Xom.
 11030 | D:8      | Found a shimmering altar of Xom.
 11030 | D:8      | Found a shimmering altar of Xom.
 11031 | D:8      | Found a shimmering altar of Xom.
 11062 | D:8      | Found a shimmering altar of Xom.
 11067 | D:8      | Found a shimmering altar of Xom.
 11564 | D:8      | Found a transporter.
 11568 | D:8      | Found a transporter.
 12059 | D:9      | Noticed a two-headed ogre
 12065 | D:9      | Killed a two-headed ogre
 12152 | D:9      | Reached XP level 11. HP: 33/56 MP: 22/22
 12428 | D:9      | Reached skill level 10 in Conjurations
 12475 | D:9      | Reached * piety under Hepliaklqana
 12774 | D:9      | Found a glowing golden altar of the Shining One.
 13368 | D:9      | Found a staircase to the Orcish Mines.
 13491 | D:9      | Found a burning altar of Makhleb.
 13548 | D:10     | Entered Level 10 of the Dungeon
 13646 | D:10     | Found Keoliw's Weapon Boutique.
 13650 | D:10     | Noticed Joseph
 13657 | D:10     | Killed Joseph
 13992 | D:10     | Noticed a two-headed ogre
 14000 | D:10     | Killed a two-headed ogre
 14001 | D:10     | Reached skill level 5 in Armour
 14407 | D:11     | Reached skill level 11 in Conjurations
 14409 | D:11     | Noticed a deep elf pyromancer
 14453 | D:11     | Noticed a green ugly thing
 14542 | D:11     | Noticed a cyclops
 14543 | D:11     | Noticed a cyclops
 14549 | D:11     | Hit by a large rock thrown by a cyclops

Illustrated notes

Levels and vault maps discovered:
D:1:      tarquinn_simple_flora_water_b, layout_loops_ring,
          minmay_misc_feat_ornament, lexackson_kobold_supper
D:2:      layout_basic, serial_shops, shop_statue, shop, shop,
          nicolae_ecumenical_oubliette, uniq_natasha
D:3:      layout_basic, mainiacjoe_overflow_surrounded_room,
          ebering_ghost_sewer_f, minmay_fractal_squares_diagonal_5
D:4:      minmay_chambers_of_fours, layout_layer_cave, st_stairs_12
D:5:      layout_rooms, old_standard_altar, nicolae_shop_vocational
D:6:      layout_loops_cross, marbit_many_paths, lemuel_tele_altar
D:7:      layout_loops_corners, mainiacjoe_overflow_small_starburst,
          minmay_temple_entry_mist
D:8:      layout_loops_cross, xom_shifter_show, special_room [special_room_orc],
          nicolae_diode_intersection, uniq_grum
D:9:      layout_loops_ring, nicolae_overflow_hidden_temple, tso_metal_star,
          erik_orc_1, minmay_misc_feat_nine_boxes
D:10:     layout_rooms, serial_shops, nicolae_stop_n_shop_1, uniq_joseph
D:11:     minmay_complete_graph, layout_irregular_city,
          grunt_lair_entry_orc_guard_hut, ebering_ghost_disaster_area,
          minmay_between, uniq_nergalle
Temple:   eino_temple_water

Skill      XL: |  1  2  3  4  5  6  7  8  9 10 11 |
---------------+----------------------------------+-----
Stealth        | 3 4 |  4.9
Translocations | 1 3 4 5 6 7 8 |  8.2
Short Blades   | 1 2 |  2.5
Dodging        | 3 |  3.0
Conjurations   | 5 7 8 9 11 | 11.2
Spellcasting   | 3 4 5 6 7 8 |  8.7
Fighting       | 1 |  1.3
Armour         | 1 3 4 5 |  5.0
Shields        | |  0.2

Action                   |  1- 3 |  4- 6 |  7- 9 | 10-12 || total
-------------------------+-------+-------+-------+-------++-------
Melee: Short sword       |    13 |    18 |    16 |     5 ||    52
       Dagger            |     2 |       |       |       ||     2
 Cast: Magic Dart        |    11 |       |       |       ||    11
       Searing Ray       |    12 |    29 |    64 |    62 ||   167
       Iskenderun's Myst |       |       |     1 |    39 ||    40
Invok: Ancestor Identity |       |       |       |     2 ||     2
       Recall Ancestor   |       |       |       |     1 ||     1
  Use: Scroll            |     2 |     9 |    13 |     5 ||    29
       Potion            |       |     1 |     1 |     1 ||     3
 Stab: Sleeping          |    13 |    13 |    13 |     4 ||    43
       Distracted        |       |       |     1 |       ||     1
Armor: Robe              |     3 |     8 |     1 |       ||    12
       Leather armour    |       |       |    23 |     9 ||    32
       Acid dragon scale |       |       |       |     4 ||     4
Dodge: Dodged            |    12 |    31 |    43 |    35 ||   121
       Repelled          |       |       |     1 |     1 ||     2
Block: Other             |       |     3 |    19 |    13 ||    35
       Reflection        |       |     1 |     1 |     2 ||     4
